 Dungeon Crawl Stone Soup version 0.30-a0-777-ga9a30cbeda (webtiles) character file.

Game seed: 2639820179580979297

699 HammerPanzer the Cleaver (level 7, -6/57 HPs)
             Began as a Minotaur Berserker on Feb 13, 2023.
             Was a Priest of Trog.
             Mangled by Duvessa
             ... wielding a +0 short sword
              (11 damage)
             ... on level 5 of the Dungeon.
             The game lasted 00:09:15 (3306 turns).

HammerPanzer the Cleaver (Minotaur Berserker)       Turns: 3306, Time: 00:09:15

Health: -6/57      AC:  9    Str: 24    XL:     7   Next: 38%
Magic:  6/6        EV: 10    Int:  4    God:    Trog [***...]
Gold:   142        SH:  2    Dex:  9    Spells: 6/6 levels left

rFire   . . .      SeeInvis .    f - +0 war axe
rCold   . . .      Faith    .    n - +0 buckler
rNeg    . . .      Spirit   .    k - +0 scale mail
rPois   .          Reflect  .    r - +2 hat
rElec   .          Harm     .    (no cloak)
rCorr   .          Rampage  .    d - +0 pair of gloves
Will    .....                    (no boots) Stlth
                                 (no amulet)
HPRegen 0.29/turn                j - ring of flight
MPRegen 0.10/turn                (no ring)

@: on berserk cooldown, flying
A: horns 2, retaliatory headbutt
a: Renounce Religion, Berserk, Trog's Hand


You were on level 5 of the Dungeon.
You worshipped Trog.
Trog was most pleased with you.
You visited 1 branch of the dungeon, and saw 5 of its levels.

You collected 142 gold pieces.

Inventory:

Hand Weapons
 b - a +2 hand axe of flaming
 f - a +0 war axe (weapon)
Armour
 d - a +0 pair of gloves (worn)
 k - a +0 scale mail (worn)
 n - a +0 buckler (worn)
 r - a +2 hat (worn)
Jewellery
 j - a ring of flight (left hand)
Wands
 h - a wand of flame (12)
Potions
 a - a potion of ambrosia {unknown}
 c - 3 potions of curing
 e - 2 potions of brilliance
 g - a potion of attraction
 i - a potion of cancellation {unknown}
 l - a potion of magic {unknown}
 m - a potion of invisibility {unknown}


   Skills:
 - Level 3.6 Fighting
 + Level 10.4 Axes
 - Level 2.4 Armour
 - Level 2.1 Dodging


You had 6 spell levels left.
You didn't know any spells.
Your spell library was empty.

Dungeon Overview and Level Annotations

Branches:
Dungeon (5/15)             Temple (0/1) D:5

Altars:
The Shining One
Lugonu

Portals:
Abyss: D:3

Annotations:
D:5 Duvessa


Innate Abilities, Weirdness & Mutations

You have a pair of horns on your head.
You reflexively headbutt those who attack you in melee.


Message History

You feel yourself slow down.
Things that are here:
a +0 dagger; a +0 robe; the elf corpse of Dowan You start waiting.
Duvessa is nearby!
Duvessa shouts!
Duvessa goes berserk!
Duvessa hits you with a +0 short sword.
You hit Duvessa but do no damage. Duvessa hits you but does no damage.
You block Duvessa's attack.
You hit Duvessa. Your headbutt misses Duvessa.
Duvessa is lightly wounded.
Duvessa closely misses you. Duvessa hits you with a +0 short sword.
Duvessa hits you with a +0 short sword!
You hit Duvessa.
Duvessa is lightly wounded.
Duvessa hits you with a +0 short sword. Duvessa hits you with a +0 short sword!
You feel much better. Duvessa hits you with a +0 short sword!
Duvessa closely misses you.
You feel much better. Duvessa hits you with a +0 short sword!
You block Duvessa's attack. Duvessa barely misses you.
You hit Duvessa but do no damage.
Duvessa is lightly wounded.
Duvessa hits you with a +0 short sword! Duvessa hits you but does no damage.
You closely miss Duvessa.
Duvessa is lightly wounded.
You feel yourself speed up. Duvessa closely misses you.
Duvessa hits you with a +0 short sword.
You barely miss Duvessa. You headbutt Duvessa.
Duvessa is moderately wounded.
Duvessa barely misses you. Duvessa hits you with a +0 short sword!
Okay, then.
As you read the scroll of fog, it crumbles to dust.
The scroll dissolves into smoke.
Duvessa hits you with a +0 short sword!
* * * LOW HITPOINT WARNING * * *
Duvessa attacks as you move away! Duvessa barely misses you.
Duvessa hits you with a +0 short sword.
* * * LOW HITPOINT WARNING * * *
Duvessa attacks as you move away! Duvessa hits you with a +0 short sword!
You die...

#. #.######
#.#####......#
#........>...#
#.......<...#
######.###.....#
#.......##.......#
#§####).##.#####.#
#§####..##.# #
#@##.)..#...
#e##.##.#..#
#§§§....#..#
####.####
######.####.#
#...........#
.....#.#....##
#...#.#.#...#
#..#.#.#.#..#


You could see Duvessa (berserk).

Vanquished Creatures
  A black bear (D:4)
  2 ogres
  A scorpion (D:3)
  Dowan (D:5)
  A jelly (D:4)
  A crimson imp (D:3)
  Jessica (D:2)
  An iguana (D:4)
  6 gnolls
  5 adders
  2 worms
  4 orcs (D:3)
  7 endoplasms
  4 giant cockroaches
  6 hobgoblins
  8 jackals (D:4)
  4 quokkas
  9 ball pythons
  6 bats
  3 frilled lizards
  9 goblins
  A goblin zombie (D:3)
  5 hobgoblin zombies (D:3)
  16 kobolds
  A kobold skeleton (D:3)
  An orc skeleton (D:3)
  2 orc zombies (D:3)
  2 rats
110 creatures vanquished.

Notes
Turn   | Place    | Note
-------+----------+-------------------------------------------
     0 | D:1      | HammerPanzer the Minotaur Berserker began the quest for the
                  | Orb.
     0 | D:1      | Reached XP level 1. HP: 19/19 MP: 0/0
    50 | D:1      | Reached skill level 4 in Axes
   106 | D:1      | Reached XP level 2. HP: 21/26 MP: 1/1
   557 | D:2      | Reached skill level 5 in Axes
   623 | D:2      | Noticed Jessica
   633 | D:2      | Reached ** piety under Trog
   634 | D:2      | Reached XP level 3. HP: 31/31 MP: 2/2
   636 | D:2      | Killed Jessica
   742 | D:2      | Reached skill level 6 in Axes
   742 | D:2      | Reached XP level 4. HP: 39/39 MP: 3/3
  1544 | D:3      | Found a one-way gate to the infinite horrors of the Abyss.
  1687 | D:3      | Found a glowing golden altar of the Shining One.
  1691 | D:3      | Reached skill level 7 in Axes
  1691 | D:3      | Reached XP level 5. HP: 45/45 MP: 4/4
  1811 | D:3      | Noticed an ogre
  1816 | D:3      | Killed an ogre
  1817 | D:3      | Reached skill level 8 in Axes
  2079 | D:3      | Found a faded altar of an unknown god.
  2105 | D:3      | Reached *** piety under Trog
  2106 | D:3      | Reached XP level 6. HP: 51/51 MP: 5/5
  2374 | D:3      | Found a large runed translucent door.
  2376 | D:3      | Found a large runed translucent door.
  2378 | D:3      | Found a corrupted altar of Lugonu.
  2569 | D:4      | Reached skill level 9 in Axes
  2652 | D:4      | Reached XP level 7. HP: 52/57 MP: 6/6
  2835 | D:4      | Reached skill level 10 in Axes
  3228 | D:5      | Entered Level 5 of the Dungeon
  3247 | D:5      | Found a staircase to the Ecumenical Temple.
  3250 | D:5      | Noticed Dowan
  3250 | D:5      | Noticed Duvessa
  3267 | D:5      | Killed Dowan
  3306 | D:5      | Mangled by Duvessa

Illustrated notes

Levels and vault maps discovered:
D:1:      nicolae_arrival_somewhat_less_tricky_arrival, layout_rooms
D:2:      layout_basic, serial_corexii_hall, corexii_hall_statues_l,
          corexii_hall_statues_s, corexii_hall_statues_l,
          corexii_hall_statues_x, kennysheep_generic_room_14, uniq_jessica
D:3:      due_chaos_kobolds, layout_loops_corners, nicolae_tso_besieged_by_evil,
          shapermc_ecumenical_altar_ellora
D:4:      layout_basic
D:5:      layout_loops_cross, mainiacjoe_overflow_alcove_2,
          mainiacjoe_overflow_brackets, gammafunk_temple_overflow_elements,
          minmay_temple_entry_grid, uniq_menkaure, uniq_duvessa,
          uniq_crazy_yiuf_cottage, uniq_edmund

Skill      XL: |  1  2  3  4  5  6  7 |
---------------+----------------------+-----
Axes           | 4 5 6 7 8 9 10 | 10.4
Fighting       | |  3.6
Armour         | |  2.4
Dodging        | |  2.1

Action                     |  1- 3 |  4- 6 |  7- 9 || total
---------------------------+-------+-------+-------++-------
  Melee: Hand axe          |    55 |    52 |       ||   107
         Headbutt          |     3 |    11 |    11 ||    25
         Punch             |     1 |       |       ||     1
         War axe           |       |    65 |    51 ||   116
 Invoke: Berserk           |     2 |     3 |     1 ||     6
    Use: Scroll            |     2 |     9 |     2 ||    13
         Potion            |       |       |     2 ||     2
   Stab: Sleeping          |     1 |       |       ||     1
 Armour: Animal skin       |     8 |     2 |       ||    10
         Scale mail        |       |    39 |    24 ||    63
  Dodge: Dodged            |    29 |    65 |    31 ||   125
  Block: Buckler           |       |     1 |     8 ||     9

Table legend: (Time is in decaauts)
 A = Elapsed time spent in this place.
 B = Non-inter-level travel time spent in this place.
 C = Inter-level travel time spent in this place.
 D = Time resting spent in this place.
 E = Time spent auto-exploring this place.
 F = Levels seen in this place.
 G = Mean time per level.
                   A        B        C        D        E       F      G
               +--------+--------+--------+--------+--------+-----+--------+
         Total |   3384 |   3197 |    187 |    312 |   2171 |   5 |  676.8 |
       Dungeon |   3384 |   3197 |    187 |    312 |   2171 |   5 |  676.8 |
               +--------+--------+--------+--------+--------+-----+--------+

Top non-repeatable levels by time:
     D:2: 1112 daAuts
     D:3: 930 daAuts
     D:4: 698 daAuts
     D:1: 551 daAuts
     D:5: 90 daAuts
